 Dungeon Crawl Stone Soup version 0.25-a0-1133-g93ebf739aa (webtiles) character file.

Game seed: 16121256990515895495, levelgen mode: deterministic

583 Flugkiller the Ducker (level 7, -2/46 HPs)
             Began as an Octopode Wanderer on May 21, 2020.
             Was a Priest of Cheibriados.
             Slain by a gnoll
             ... wielding a +0 flail
              (10 damage)
             ... on level 5 of the Dungeon.
             The game lasted 00:06:04 (4203 turns).

Flugkiller the Ducker (Octopode Wanderer)           Turns: 4203, Time: 00:06:04

Health: -2/46      AC:  1    Str: 18    XL:     7   Next: 37%
Magic:  9/9        EV: 10    Int: 20    God:    Cheibriados [***...]
Gold:   190        SH:  0    Dex: 25    Spells: 6/6 levels left

rFire    . . .     SeeInvis .   a - +2 mace
rCold    . . .     Gourm    .   (no shield)
rNeg     . . .     Faith    .   (helmet restricted)
rPois    .         Spirit   .   (no amulet)
rElec    .         Reflect  .   (no ring)
rCorr    .         Harm     .   (no ring)
MR       .....                  (no ring)
Stlth    +++.......             (no ring)
HPRegen  0.15/turn              (no ring)
MPRegen  0.11/turn              (no ring)
                                (no ring)
                                (no ring)

@: held, very slow
A: almost no armour, stealthy swim, amphibious, 8 rings, constrict 8, camouflage
1, gelatinous body 1
a: Bend Time, Temporal Distortion, Renounce Religion


You were on level 5 of the Dungeon.
You worshipped Cheibriados.
Cheibriados was most pleased with you.
You were not hungry.

You visited 1 branch of the dungeon, and saw 5 of its levels.

You collected 190 gold pieces.

Inventory:

Hand Weapons
 a - a +2 mace (weapon)
 p - a +0 flail
   (You took it off an orc on level 3 of the Dungeon)
 q - a +0 short sword of venom
   (You took it off a kobold on level 3 of the Dungeon)
Wands
 g - a wand of paralysis (4)
   (You found it on level 2 of the Dungeon)
 i - a wand of acid (9)
   (You found it on level 5 of the Dungeon)
Scrolls
 f - 2 scrolls of remove curse
 r - a scroll of teleportation
Potions
 b - a potion of curing
 d - 2 potions of flight
 e - a potion of brilliance {unknown}
 h - a potion of degeneration {unknown}
 j - a potion of heal wounds {unknown}
 k - 2 potions of berserk rage
 m - a potion of might {unknown}
 n - a potion of magic
 t - a potion of invisibility {unknown}
Comestibles
 c - 12 rations
 l - 2 chunks of flesh


   Skills:
 + Level 3.3 Fighting
 - Level 4.0 Maces & Flails
   Level 2.0 Crossbows
 - Level 1.0 Throwing
 - Level 6.0 Dodging
 + Level 1.4 Stealth
 - Level 3.0 Invocations
 + Level 1.9 Evocations


You had 6 spell levels left.
You didn't know any spells.
Your spell library was empty.

Dungeon Overview and Level Annotations

Branches:
Dungeon (5/15)
 Temple: D:4-7

Altars:
Cheibriados
Xom

Annotations:
D:2 1 runed translucent door, exclusion: 2 adders, Crazy Yiuf


Innate Abilities, Weirdness & Mutations

You cannot wear most types of armour.
You are very stealthy in the water. (Stealth+)
You are amphibious.
You can wear up to eight rings at the same time.
You can use your tentacles to constrict eight enemies at once.
Your skin changes colour to match your surroundings (Stealth+).
Your rubbery body absorbs attacks. (AC +1, EV +1)


Message History

You see here a hound corpse.
You butcher the hound corpse.
l - 2 chunks of flesh (gained 1)
You see here a hound skeleton.
c - 12 rations (gained 1) HP restored.
There is an escape hatch in the floor here.
Found a leather armour.
Found a wooden wand.
Found an escape hatch in the ceiling.
Found 2 fuming ruby potions.
A gnoll comes into view. It is wielding a +0 club.
A gnoll is nearby!
A gnoll comes into view. It is wielding a +0 flail.
Found a stone staircase leading down.
You see here a wand of acid (9).
i - a wand of acid (9)
You open the door.
Found a shimmering altar of Xom.
There is an open door here.
You see here 2 fuming ruby potions.
n - 2 fuming ruby potions The gnoll shouts!
A gnoll comes into view. It is wielding a +0 spear.
The gnoll shouts!
The gnoll completely misses you.
You hit the gnoll but do no damage. You grab the gnoll.
You constrict the gnoll. The gnoll misses you.
The gnoll hits you with a +0 flail!
You hit the gnoll.
The gnoll is heavily wounded.
You constrict the gnoll. The gnoll completely misses you. The gnoll misses you.
You release your grip on the gnoll.
The gnoll hits you with a +0 club.
You hit the gnoll.
You kill the gnoll!
Cheibriados appreciates the change of pace.
The gnoll throws a throwing net.
The throwing net hits you.
You become entangled in the net!
You are held in a net!
You struggle against the net.
The gnoll barely misses you. The gnoll hits you with a +0 flail!
* * * LOW HITPOINT WARNING * * *
You struggle against the net.
The gnoll hits you from afar with a +0 spear!
* * * LOW HITPOINT WARNING * * *
Okay, then.
It was a potion of magic.
Magic courses through your body.
The gnoll hits you from afar with a +0 spear.
* * * LOW HITPOINT WARNING * * *
The gnoll hits you with a +0 flail!
You die...

#.## ##.# #...# ##...##
... #... #..#..####..# >
#..##......#....#
..###...#..........<#
#...#...#.......^.#.#
#..........#.....#.####
.#....##..####.........##
............g@...[###...#
.##.......g#...........#
#....###..######.......#
##.. #_'...## ##......##
#. ###.....# #........# .
........###........#
#.........##......###
..................#
.............######


You could see 2 gnolls.

Vanquished Creatures
  An ogre (D:3)
  A centaur (D:4)
  An orc wizard (D:4)
  2 hounds
  An orc priest (D:4)
  A bullfrog skeleton (D:4)
  An iguana (D:4)
  A worker ant (D:4)
  2 hound skeletons (D:4)
  A gnoll (D:5)
  8 adders
  2 oozes
  A worm (D:3)
  6 dart slugs
  14 orcs
  5 giant cockroaches
  A goblin (D:1)
  14 hobgoblins
  4 jackals (D:3)
  7 bats
  8 frilled lizards
  A jackal skeleton (D:4)
  6 kobolds
  7 rats
96 creatures vanquished.

Notes
Turn   | Place    | Note
-------+----------+-------------------------------------------
     0 | D:1      | Flugkiller the Octopode Wanderer began the quest for the
                  | Orb.
     0 | D:1      | Flugkiller set off with the following items: a +2 mace, 2
                  | potions of curing, a ration
     0 | D:1      | Reached XP level 1. HP: 14/14 MP: 1/1
    61 | D:1      | Reached skill level 1 in Dodging
    61 | D:1      | Reached XP level 2. HP: 19/19 MP: 2/2
   245 | D:1      | Reached skill level 2 in Dodging
   597 | D:1      | Reached XP level 3. HP: 20/24 MP: 3/3
  1130 | D:2      | Found a faded altar of an unknown god.
  1139 | D:2      | Became a worshipper of Cheibriados the Contemplative
  1139 | D:2      | Reached * piety under Cheibriados
  1161 | D:2      | Reached skill level 3 in Dodging
  1453 | D:2      | Found a runed translucent door.
  1454 | D:2      | Noticed Crazy Yiuf
  1498 | D:2      | Reached XP level 4. HP: 23/29 MP: 4/4
  2036 | D:3      | Reached skill level 4 in Dodging
  2296 | D:3      | Reached ** piety under Cheibriados
  2320 | D:3      | Noticed an ogre
  2327 | D:3      | Reached skill level 1 in Invocations
  2338 | D:3      | Killed an ogre
  2338 | D:3      | Reached XP level 5. HP: 23/34 MP: 4/7
  2715 | D:3      | You fall into a shaft and drop 1 floor!
  2930 | D:3      | Reached XP level 6. HP: 22/41 MP: 8/8
  3255 | D:3      | Reached *** piety under Cheibriados
  3474 | D:4      | Reached skill level 5 in Dodging
  3685 | D:4      | Reached skill level 6 in Dodging
  3685 | D:4      | Reached skill level 1 in Evocations
  3685 | D:4      | Reached XP level 7. HP: 23/46 MP: 9/9
  4092 | D:5      | Entered Level 5 of the Dungeon
  4167 | D:5      | Found a shimmering altar of Xom.
  4203 | D:5      | Slain by a gnoll

Illustrated notes

Levels and vault maps discovered:
D:1:      minmay_arrival_solitary_statue, layout_basic, minivault_11
D:2:      layout_rooms, chequers_ecumenical_altar_simple,
          kennysheep_cluttered_room, minmay_liquid_box, uniq_crazy_yiuf_cottage
D:3:      layout_basic, minmay_fractal_squares_5
D:4:      layout_rooms, kennysheep_generic_room_5
D:5:      layout_cave_pools, kennysheep_mini_moat, first_ration

Skill      XL: |  1  2  3  4  5  6 |
---------------+-------------------+-----
Dodging        | 1 2 3 4 6 |  6.0
Invocations    | 3 |  3.0
Fighting       | 3 |  3.3
Evocations     | 1 |  1.9
Maces & Flails | |  4.0
Crossbows      | |  2.0
Throwing       | |  1.0
Stealth        | |  1.4

Action                   |  1- 3 |  4- 6 |  7- 9 || total
-------------------------+-------+-------+-------++-------
Melee: Mace              |    54 |    92 |    20 ||   166
       Constrict         |    12 |    35 |     7 ||    54
       Tentacles         |     5 |    36 |     5 ||    46
Invok: Bend Time         |       |     2 |       ||     2
Evoke: Wand              |     1 |     3 |       ||     4
  Use: Scroll            |       |     4 |     5 ||     9
       Potion            |       |     1 |     1 ||     2
 Stab: Sleeping          |    11 |     6 |       ||    17
       Distracted        |     1 |       |       ||     1
       Paralysed         |       |     4 |       ||     4
  Eat: Chunk             |     1 |     3 |     1 ||     5
Armor: Skin              |     1 |    10 |     1 ||    12
Dodge: Dodged            |    27 |    76 |    18 ||   121

Table legend:
 A = Non-vault XP
 B = Vault XP
 C = Vault XP percentage of total XP
 D = Non-vault monster count
 E = Vault monster count
 F = Vault count percentage of total count
                 A         B        C        D         E       F
            +---------+---------+-------+---------+---------+-------
      Total |     695 |     138 |  16.6 |      87 |       9 |   9.4
            +---------+---------+-------+---------+---------+-------
        D:1 |      48 |       0 |   0.0 |      24 |       0 |   0.0
        D:2 |      71 |       0 |   0.0 |      17 |       0 |   0.0
        D:3 |     136 |     135 |  49.8 |      27 |       8 |  22.9
        D:4 |     384 |       3 |   0.8 |      17 |       1 |   5.6
        D:5 |      56 |       0 |   0.0 |       2 |       0 |   0.0
            +---------+---------+-------+---------+---------+-------
